 Dungeon Crawl Stone Soup version 0.29.1-1-gd02db6906a (webtiles) character file.

Game seed: 9833210477649553492

279 Anriel the Covered (level 6, -9/38 HPs)
             Began as a Gargoyle Fighter on Oct 12, 2022.
             Killed from afar by Ijyb (16 damage)
             ... with a bolt of acid
             ... on level 4 of the Dungeon.
             The game lasted 00:23:11 (3888 turns).

Anriel the Covered (Gargoyle Fighter)               Turns: 3888, Time: 00:23:12

Health: -9/38      AC: 12    Str: 21    XL:     6   Next: 26%
Magic:  6/6        EV:  6    Int:  9    God:
Gold:   131        SH:  4    Dex:  9    Spells: 5/5 levels left

rFire   . . .      SeeInvis .   a - +0 flail (vorpal)
rCold   . . .      Faith    .   c - +0 buckler
rNeg    + . .      Spirit   .   d - +0 plate armour
rPois   ∞          Reflect  .   i - +0 helmet
rElec   +          Harm     .   b - +0 cloak
rCorr   .          Rampage  .   m - +0 pair of gloves
Will    .....                   (no boots)
Stlth   ..........              l - amulet of the acrobat
HPRegen 0.12/turn               (no ring)
MPRegen 0.10/turn               (no ring)

@: corroded
A: sickness immunity, AC +4, negative energy resistance 1, electricity
resistance, torment resistance 1, petrification resistance
a: no special abilities


You were on level 4 of the Dungeon.
You visited 1 branch of the dungeon, and saw 4 of its levels.

You collected 131 gold pieces.

Inventory:

Hand Weapons
 a - a +0 vorpal flail (weapon)
Armour
 b - a +0 cloak (worn)
 c - a +0 buckler (worn)
 d - a +0 plate armour (worn)
 i - a +0 helmet (worn)
 m - a +0 pair of gloves (worn)
Jewellery
 j - an amulet of magic regeneration
 l - an amulet of the acrobat (around neck)
Wands
 h - a wand of flame (16)
Scrolls
 e - a scroll of teleportation
 k - a scroll of amnesia
Potions
 f - a potion of brilliance
 g - a potion of flight


   Skills:
 + Level 4.2 Fighting
 + Level 4.1 Maces & Flails
 * Level 5.0 Armour
 + Level 0.5 Dodging
 + Level 1.2 Stealth
 + Level 3.5 Shields


You had 5 spell levels left.
You didn't know any spells.
Your spell library contained the following spells:

 Spells                   Type           Power      Damage    Failure   Level
 Necrotise                Necr           0%         1d4       100%        1
 Vampiric Draining        Necr           0%         2d6       100%        3
 Agony                    Necr           0%         N/A       100%        5


Dungeon Overview and Level Annotations

Branches:
Dungeon (4/15)
 Temple: D:4-7

Altars:

Shops:
D:2 *

Annotations:
D:4 Ijyb


Innate Abilities, Weirdness & Mutations

You are immune to sickness and miasma.
Your stone body is resilient. (AC +4)
You are immune to poison.
You resist negative energy. (rN+)
You are resistant to electric shocks. (rElec)
You are resistant to unholy torment.
You are immune to petrification.


Message History

You see here a +0 club.
You see here a +0 club.
Things that are here:
a +0 club; a +0 animal skin; a +0 dagger
There is a stone staircase leading down here.
You climb downwards.
Level annotation: Ijyb Ijyb zaps a wand.
The bolt of acid hits you. The acid corrodes you!
There is a stone staircase leading up here.
You hit Ijyb.
Ijyb is moderately wounded.
Ijyb hits you but does no damage.
You hit Ijyb but do no damage.
Ijyb is moderately wounded.
Ijyb hits you but does no damage.
You hit Ijyb.
Ijyb is moderately wounded.
Ijyb hits you but does no damage.
Ijyb zaps a wand.
The bolt of acid hits you!
You sock Ijyb!
Ijyb is almost dead.
Ijyb hits you with a +0 club.
Aiming: Throw Flame
Press: ? - help, Shift-Dir - straight line, f - Ijyb
Aim: Ijyb, wielding a +0 club, wearing a +0 leather armour and carrying a wand of acid (4) (almost dead, 60% to hit)
The puff of flame hits Ijyb but does no damage.
Ijyb is almost dead.
Ijyb zaps a wand.
The bolt of acid hits you!
* * * LOW HITPOINT WARNING * * *
The acid corrodes you!
You hit Ijyb but do no damage.
Ijyb is almost dead.
Ijyb hits you with a +0 club.
* * * LOW HITPOINT WARNING * * *
Aiming: Throw Flame
Press: ? - help, Shift-Dir - straight line, f/p - Ijyb
Aim: Ijyb, wielding a +0 club, wearing a +0 leather armour and carrying a wand of acid (3) (almost dead, 60% to hit)
The puff of flame hits Ijyb.
Ijyb is almost dead.
Ijyb zaps a wand.
The bolt of acid hits you!
You die...

..# ######.##
....#..## ##.....#
########.....###
#.......†###...#####
.#####..# #........
#.).g^.###........
.....###.###@........
### #....g.########
#...##### #....#.#
...####.# ## #.# #.#
#.# #.#


You could see Ijyb.

Vanquished Creatures
  An orc priest (D:2)
  Natasha (thrice) (D:2)
  Robin (D:3)
  3 gnolls (D:2)
  4 adders (D:3)
  3 worms (D:2)
  3 dart slugs
  4 orcs
  5 ball pythons
  6 endoplasms
  3 giant cockroaches
  7 goblins
  11 hobgoblins
  4 jackals (D:1)
  A quokka (D:3)
  6 bats
  3 frilled lizards
  4 kobolds
  13 rats
85 creatures vanquished.

Vanquished Creatures (others)
  4 plants (D:1)
4 creatures vanquished.

Grand Total: 89 creatures vanquished

Notes
Turn   | Place    | Note
-------+----------+-------------------------------------------
     0 | D:1      | Anriel the Gargoyle Fighter began the quest for the Orb.
     0 | D:1      | Reached XP level 1. HP: 14/14 MP: 1/1
   309 | D:1      | Reached XP level 2. HP: 14/19 MP: 2/2
   699 | D:1      | Reached XP level 3. HP: 23/23 MP: 3/3
  1039 | D:2      | Found a faded altar of an unknown god.
  1149 | D:2      | Found Cysti's General Store.
  1217 | D:2      | Reached skill level 1 in Stealth
  1222 | D:2      | Reached XP level 4. HP: 22/29 MP: 4/4
  1299 | D:2      | Noticed Natasha
  1725 | D:2      | Reached skill level 4 in Armour
  1859 | D:2      | Killed Natasha
  1998 | D:2      | Noticed Natasha
  2007 | D:2      | Killed Natasha
  2008 | D:2      | Reached XP level 5. HP: 33/33 MP: 5/5
  2540 | D:2      | Noticed Natasha
  2545 | D:2      | Killed Natasha
  3147 | D:3      | Reached XP level 6. HP: 38/38 MP: 6/6
  3317 | D:3      | Noticed Robin
  3330 | D:3      | Killed Robin
  3331 | D:3      | Reached skill level 5 in Armour
  3511 | D:4      | Noticed Ijyb
  3607 | D:4      | Noticed an acid dragon
  3888 | D:4      | Killed from afar by Ijyb

Illustrated notes

Levels and vault maps discovered:
D:1:      dpeg_arrival_rhombi, layout_basic, serial_bayou_lake_a
D:2:      layout_basic, basic_ecumenical_altar, serial_shops, shop_statue,
          kennysheep_donut, uniq_natasha
D:3:      layout_loops_ring, uniq_robin
D:4:      layout_rooms, uniq_ijyb

Skill      XL: |  1  2  3  4  5  6 |
---------------+-------------------+-----
Stealth        | 1 |  1.2
Maces & Flails | 3 4 |  4.1
Armour         | 4 5 |  5.0
Fighting       | 4 |  4.2
Dodging        | |  0.5
Shields        | |  3.5

Action                   |  1- 3 |  4- 6 || total
-------------------------+-------+-------++-------
Melee: Flail             |    91 |   179 ||   270
Evoke: Wand              |       |     4 ||     4
  Use: Scroll            |     6 |     6 ||    12
       Potion            |     1 |     1 ||     2
Armor: Scale mail        |    56 |    14 ||    70
       Plate armour      |       |    99 ||    99
Dodge: Dodged            |    56 |    70 ||   126
Block: Buckler           |    17 |    26 ||    43
